 Dungeon Crawl Stone Soup version 0.28-a0-895-g6e5f11bd55 (webtiles) character file.

Game seed: 17993574268236850806

17117 TheGamechu the Impaler (level 12, -6/100 HPs)
             Began as a Merfolk Gladiator on Nov 19, 2021.
             Was an Initiate of Gozag.
             Shot with an arrow by a centaur warrior (18 damage)
             ... on level 14 of the Dungeon on Nov 22, 2021.
             The game lasted 00:40:48 (14205 turns).

TheGamechu the Impaler (Merfolk Gladiator)         Turns: 14205, Time: 00:40:48

Health: -6/100     AC: 12    Str: 24    XL:     12   Next: 44%
Magic:  12/12      EV: 20    Int: 15    God:    Gozag
Gold:   1215       SH:  0    Dex: 20    Spells: 11/11 levels left

rFire   + . .      SeeInvis +   e - +1 bardiche (flame)
rCold   + + +      Faith    .   (shield currently unavailable)
rNeg    . . .      Spirit   .   I - +1 ring mail {rC+}
rPois   +          Reflect  .   D - +2 hat {SInv}
rElec   +          Harm     .   o - +0 cloak
rCorr   +          Rampage  .   E - +1 pair of gloves {Str+3}
Will    ++...                   k - +0 pair of boots
Stlth   ++........              w - amulet "Daujora" {RegenMP Will++}
HPRegen 0.26/turn               i - ring of the Ant {Wiz rPois Stlth+}
MPRegen 0.38/turn               u - ring "Diruek" {rC+ Str+6 Int+8}

@: resistant, gold aura, studying Evocations, invisible
A: (nimble swimmer 2), mertail
a: Renounce Religion, Potion Petition, Call Merchant, Bribe Branch


You were on level 14 of the Dungeon.
You worshipped Gozag.
Gozag was most pleased with you.
You visited 2 branches of the dungeon, and saw 15 of its levels.

You collected 2526 gold pieces.
You spent 572 gold pieces at shops.
You paid 739 gold pieces to Gozag.

Inventory:

Hand Weapons
 e - a +1 bardiche of flaming (weapon)
 q - the +2 spear of Kagyp {venom, rC++ Str+4 Dex+3}
   (You took it off a gnoll sergeant on level 3 of the Dungeon)

   It poisons the flesh of those it strikes.
   Str:       It affects your strength (+4).
   Dex:       It affects your dexterity (+3).
   rC:        It greatly protects you from cold.
Missiles
 b - 55 poisoned darts
 d - 10 throwing nets
 g - 545 stones
 A - 8 javelins
 B - 11 curare-tipped darts
 C - 4 atropa-tipped darts
 O - 6 boomerangs (quivered)
Armour
 k - a +0 pair of boots (worn)
 o - a +0 cloak (worn)
 D - a +2 hat of see invisible (worn)
 E - a +1 pair of gloves of strength (worn)
 I - a +1 ring mail of cold resistance (worn)
Jewellery
 i - the ring of the Ant (left hand) {Wiz rPois Stlth+}
   (You acquired it on level 1 of the Dungeon)

   [ring of wizardry]

   It improves your spell success rate.
   rPois:     It protects you from poison.
   Stlth:     It makes you more stealthy.
 l - a ring of flight
 u - the ring "Diruek" (right hand) {rC+ Str+6 Int+8}
   (You found it on level 4 of the Dungeon)

   [ring of strength]

   Str:       It affects your strength (+6).
   Int:       It affects your intelligence (+8).
   rC:        It protects you from cold.
 w - the amulet "Daujora" (around neck) {RegenMP Will++}
   (You found it on level 5 of the Dungeon)

   [amulet of magic regeneration]

   It increases your rate of magic regeneration.
   Will:      It greatly increases your willpower.
 y - a ring of see invisible
 P - a ring of protection from cold
Wands
 n - a wand of iceblast (2)
 p - a wand of flame (42)
 x - a wand of mindburst (14)
 H - a wand of polymorph (5)
Scrolls
 F - a scroll of brand weapon
 L - a scroll of enchant weapon
Potions
 a - 3 potions of lignification
 f - 4 potions of curing
 j - a potion of berserk rage {unknown}
 r - a potion of might
 s - a potion of mutation {unknown}
 t - a potion of flight
 v - a potion of brilliance
 z - a potion of invisibility {unknown}
 G - a potion of ambrosia {unknown}
 K - a potion of magic
 N - a potion of cancellation {unknown}
Miscellaneous
 c - a tin of tremorstones (2/2)
 J - a box of beasts
 M - a condenser vane


   Skills:
 + Level 11.5 Fighting
 + Level 15.0(15.1) Polearms
 - Level 1.5(5.9) Staves
 + Level 7.3 Throwing
 + Level 13.9 Dodging
 - Level 8.0 Evocations


You had 11 spell levels left.
You didn't know any spells.
Your spell library contained the following spells:

 Spells                   Type           Power      Damage    Failure   Level
 Freeze                   Ice            0%         1d3       16%         1
 Blink                    Tloc           0%         N/A       26%         2
 Ensorcelled Hibernation  Hex/Ice        0%         N/A       26%         2
 Conjure Flame            Conj/Fire      0%         6-21      43%         3
 Frozen Ramparts          Ice            0%         1d2       43%         3
 Ignite Poison            Fire/Tmut/Pois 0%         N/A       43%         3
 Portal Projectile        Hex/Tloc       0%         N/A       43%         3
 Tukima's Dance           Hex            0%         N/A       43%         3
 Airstrike                Air            0%         N/A       82%         4
 Hailstorm                Conj/Ice       0%         3d3       82%         4
 Leda's Liquefaction      Hex/Erth       0%         N/A       82%         4
 Sticky Flame             Conj/Fire      0%         2d3       82%         4
 Summon Lightning Spire   Summ/Air       0%         N/A       82%         4
 Blade Hands              Tmut           0%         N/A       98%         5
 Excruciating Wounds      Necr           0%         N/A       98%         5
 Lee's Rapid Deconstruct  Erth           0%         3d5*      98%         5
 Lightning Bolt           Conj/Air       0%         1d11      98%         5
 Manifold Assault         Tloc           0%         N/A       98%         5
 Summon Forest            Summ/Tloc      0%         N/A       98%         5
 Eringya's Noxious Bog    Tmut/Pois      0%         N/A       100%        6
 Statue Form              Tmut/Erth      0%         N/A       100%        6
 Storm Form               Tmut/Air       0%         N/A       100%        7
 Summon Hydra             Summ           0%         N/A       100%        7


Dungeon Overview and Level Annotations

Branches:
Dungeon (14/15)            Temple (1/1) D:7            Lair (0/6) D:8
    Orc (0/2) D:9
 Vaults: D:13-14

Altars:
Ashenzari
Cheibriados
Dithmenos
Elyvilon
Fedhas
Gozag
Hepliaklqana
Kikubaaqudgha
Makhleb
Nemelex Xobeh
Okawaru
Qazlal
Ru
Sif Muna
Trog
Uskayaw
Vehumet
Wu Jian
Xom
Yredelemnul
Zin
The Shining One

Shops:
D:1 ?

Annotations:
D:14 Azrael


Innate Abilities, Weirdness & Mutations

((You are quick and stealthy near water. (Stealth+, EV+, Speed+++)))
Your lower body shifts to a powerful aquatic tail in water.


Message History

* * * LOW HITPOINT WARNING * * *
The basilisk hisses angrily.
Okay, then.
Okay, then. [a] - 336 gold - might, brilliance and magic [b] - 680 gold - resistance, invisibility, heal wounds, curing and magic [c] - 364 gold - heal wounds and magic Purchase which effect?
You feel protected.
You become transparent, but the glow from your liquid flames prevents you from becoming completely invisible.
You feel much better.
You feel better. Magic courses through your body.
You are covered in liquid flames!
The centaur warrior shoots an arrow.
The arrow misses you.
The deep elf pyromancer points at you and mumbles some strange words.
The sticky flame misses you.
You hear a deafening roar!
You are covered in liquid flames!
The basilisk is no longer distracted by gold.
The basilisk gazes at you. You resist with almost no effort.
You are covered in liquid flames!
Azrael gestures at something.
The basilisk is distracted by your dazzling golden aura.
The deep elf pyromancer is distracted by your dazzling golden aura.
Found a scroll of enchant weapon.
The centaur warrior shoots an arrow.
The deep elf pyromancer shouts!
The basilisk hisses angrily.
You hear a bark!
The basilisk is no longer distracted by gold.
The deep elf pyromancer is no longer distracted by gold.
The deep elf pyromancer is distracted by your dazzling golden aura.
Azrael is distracted by your dazzling golden aura.
The centaur warrior shoots an arrow.
The centaur warrior shoots an arrow.
The arrow hits you!
The centaur warrior shoots an arrow.
You hear a shout!
The centaur warrior shoots an arrow.
The arrow hits you!!
* * * LOW HITPOINT WARNING * * *
The centaur warrior shoots an arrow.
The arrow hits you!!
You die...
Your body crumbles into a pile of gold.

#..................
#..................
#.................l
#..................
#..................
#..................
#..................
#<.................
####.@................
##..........#..........
#.#...##...#....c......
#..#..##..#............
#...#....#...c.........
#....#..#..............
#.##..##..##...........
#.##..##..##...........
#....#..#..............


You could see a centaur warrior.

Vanquished Creatures
  Gastronok (D:8)
  2 boulder beetles
  Harold (D:7)
  A hydra (D:12)
  3 two-headed ogres
  Sonja (D:12)
  Pikel (D:8)
  An ugly thing (D:11)
  2 cyclopes
  2 kobold demonologists
  Psyche (D:8)
  An efreet (D:14)
  A komodo dragon (D:13)
  2 trolls
  A hornet (D:8)
  6 yaks (D:11)
  A wraith (D:10)
  10 vampire mosquitoes
  2 steam dragons
  Menkaure (D:4)
  3 water moccasins
  A hell hound (D:14)
  2 acid dragons (D:11)
  5 orc warriors
  A sky beast (D:6)
  3 black bears
  2 ogres
  2 necrophages
  3 kobold brigands
  3 bullfrogs
  3 gnoll sergeants
  16 killer bees
  The ghost of gigimoi the Cudgeller, a weakling DsCK of Xom (D:3)
  12 howler monkeys
  4 centaur zombies
  7 hounds
  3 orc priests (D:9)
  Crazy Yiuf (D:3)
  A bullfrog skeleton (D:6)
  A centaur skeleton (D:7)
  5 iguanas
  Jessica (D:3)
  Natasha (D:3)
  Terence (D:3)
  12 orc wizards
  A killer bee zombie (D:7)
  A hound skeleton (D:5)
  5 adders
  16 gnolls
  A shadow imp (D:7)
  An ufetubus (D:6)
  A dart slug (D:1)
  5 worms
  27 orcs
  5 endoplasms
  2 giant cockroaches
  6 goblins
  10 hobgoblins
  4 jackals (D:4)
  21 kobolds
  4 quokkas
  6 ball pythons
  3 bats
  3 frilled lizards
  5 rats
262 creatures vanquished.

Vanquished Creatures (others)
  5 fungi (D:8)
  15 plants
20 creatures vanquished.

Grand Total: 282 creatures vanquished

Notes
Turn   | Place    | Note
-------+----------+-------------------------------------------
     0 | D:1      | TheGamechu the Merfolk Gladiator began the quest for the
                  | Orb.
     0 | D:1      | Reached XP level 1. HP: 16/16 MP: 1/1
    76 | D:1      | Reached XP level 2. HP: 23/23 MP: 2/2
   387 | D:1      | Identified 2 scrolls of acquirement
   387 | D:1      | Acquired the ring of the Ant {Wiz rPois Stlth+}
   395 | D:1      | Acquired a +0 bardiche of flaming
   826 | D:1      | Reached skill level 5 in Polearms
   826 | D:1      | Reached XP level 3. HP: 28/28 MP: 3/3
   844 | D:1      | Found Vaihix's Magic Scroll Shop.
  1624 | D:2      | Reached XP level 4. HP: 35/35 MP: 4/4
  1798 | D:2      | Reached skill level 5 in Dodging
  2339 | D:3      | Noticed Jessica
  2356 | D:3      | Killed Jessica
  2357 | D:3      | Reached XP level 5. HP: 42/42 MP: 5/5
  2389 | D:3      | Reached skill level 6 in Polearms
  2544 | D:3      | Identified the +2 spear of Kagyp {venom, rC++ Str+4 Dex+3}
  2544 | D:3      | Identified the +0 ring mail "Dalil" {Harm rCorr Str+2
                  | Slay-4}
  2560 | D:3      | Found a transporter.
  2561 | D:3      | Noticed gigimoi's ghost (weakling DsCK)
  2605 | D:3      | Found a transporter.
  3128 | D:3      | Noticed Natasha
  3132 | D:3      | Killed Natasha
  3201 | D:3      | Found a runed translucent door.
  3202 | D:3      | Noticed Crazy Yiuf
  3227 | D:3      | Noticed Terence
  3234 | D:3      | Killed Terence
  3235 | D:3      | Reached XP level 6. HP: 44/48 MP: 6/6
  3337 | D:3      | Killed Crazy Yiuf
  3566 | D:3      | Killed gigimoi's ghost
  3604 | D:3      | Reached skill level 7 in Polearms
  3795 | D:4      | Reached XP level 7. HP: 51/55 MP: 7/7
  4106 | D:4      | Noticed Menkaure
  4116 | D:4      | Killed Menkaure
  4117 | D:4      | Reached skill level 5 in Fighting
  4270 | D:4      | Identified the +7 short sword of Xizeho {holy, rElec rCorr}
  4316 | D:4      | Reached skill level 1 in Evocations
  4451 | D:4      | Found an opulent altar of Gozag.
  4451 | D:4      | Found a glowing silver altar of Zin.
  4489 | D:4      | Became a worshipper of Gozag Ym Sagoz the Greedy
  4643 | D:4      | Identified the ring "Diruek" {rC+ Str+6 Int+8}
  4782 | D:4      | Reached skill level 8 in Polearms
  4854 | D:5      | Entered Level 5 of the Dungeon
  4964 | D:5      | Identified the amulet "Daujora" {RegenMP Will++}
  4967 | D:5      | Reached XP level 8. HP: 64/64 MP: 8/8
  5037 | D:5      | Reached skill level 1 in Staves
  5660 | D:5      | Found a blossoming altar of Fedhas.
  5660 | D:5      | Found a shadowy altar of Dithmenos.
  5661 | D:5      | Found a shimmering altar of Xom.
  5662 | D:5      | Found a hide-covered altar of Uskayaw.
  5662 | D:5      | Found a broken altar of Ashenzari.
  5662 | D:5      | Found an ancient bone altar of Kikubaaqudgha.
  6387 | D:6      | Reached skill level 9 in Polearms
  6644 | D:6      | Reached skill level 5 in Evocations
  6644 | D:6      | Reached XP level 9. HP: 71/71 MP: 9/9
  7285 | D:7      | Reached skill level 10 in Polearms
  7370 | D:7      | Noticed a two-headed ogre
  7560 | D:1      | Bought a scroll of acquirement for 572 gold pieces
  7560 | D:1      | Acquired 419 gold pieces
  7728 | D:7      | Found a staircase to the Ecumenical Temple.
  7759 | Temple   | Entered the Ecumenical Temple
  8463 | D:7      | Noticed Harold
  8477 | D:7      | Killed Harold
  8478 | D:7      | Reached skill level 11 in Polearms
  8478 | D:7      | Reached skill level 10 in Dodging
  8478 | D:7      | Reached XP level 10. HP: 64/80 MP: 10/10
  8675 | D:8      | Noticed Gastronok
  8692 | D:8      | Killed Gastronok
  9041 | D:8      | Noticed Pikel
  9135 | D:8      | Killed Pikel
  9136 | D:8      | Reached skill level 12 in Polearms
  9565 | D:8      | Noticed Psyche
  9576 | D:8      | Killed Psyche
  9722 | D:8      | Found a staircase to the Lair.
 10067 | D:9      | Reached XP level 11. HP: 89/89 MP: 11/11
 10385 | D:9      | Found a staircase to the Orcish Mines.
 10839 | D:10     | Entered Level 10 of the Dungeon
 10910 | D:10     | Reached skill level 13 in Polearms
 11549 | D:11     | Acquired a +1 pair of gloves of strength
 11562 | D:11     | Upgraded the game from 0.28-a0-863-g8cecda6153 to
                  | 0.28-a0-895-g6e5f11bd55
 11698 | D:11     | Reached skill level 10 in Fighting
 11791 | D:11     | Noticed a two-headed ogre
 11793 | D:11     | Noticed a purple ugly thing
 11798 | D:11     | Killed a two-headed ogre
 11799 | D:11     | Reached skill level 5 in Throwing
 11803 | D:11     | Killed a purple ugly thing
 12442 | D:11     | You fall into a shaft and drop 3 floors!
 12451 | D:14     | Noticed a boulder beetle
 12462 | D:14     | Noticed Azrael
 12888 | D:13     | Noticed a cyclops
 12897 | D:13     | Reached skill level 14 in Polearms
 12904 | D:13     | Killed a cyclops
 12931 | D:13     | Noticed a boulder beetle
 12936 | D:13     | Killed a boulder beetle
 13196 | D:12     | Noticed a boulder beetle
 13205 | D:12     | Killed a boulder beetle
 13206 | D:12     | Reached XP level 12. HP: 97/99 MP: 12/12
 13247 | D:12     | Noticed a two-headed ogre
 13248 | D:12     | Noticed Sonja
 13261 | D:12     | Killed a two-headed ogre
 13395 | D:12     | Killed Sonja
 13400 | D:12     | Noticed a six-headed hydra
 13405 | D:12     | Killed a four-headed hydra
 13697 | D:12     | Noticed a two-headed ogre
 13702 | D:12     | Killed a two-headed ogre
 13703 | D:12     | Reached skill level 15 in Polearms
 14161 | D:11     | You fall into a shaft and drop 3 floors!
 14171 | D:14     | Noticed a centaur warrior
 14175 | D:14     | Noticed a fire dragon
 14205 | D:14     | Shot with an arrow by a centaur warrior

Illustrated notes

Levels and vault maps discovered:
D:1:      erik_arrival_orb_chamber, layout_basic, serial_shops,
          nicolae_lakefront_shop
D:2:      layout_loops_corners, small_statue_intersection
D:3:      layout_loops_ring, gammafunk_ghost_gnarly_gnolls, uniq_terence,
          uniq_jessica, uniq_crazy_yiuf_cottage, uniq_natasha
D:4:      layout_cave_pods, grunt_temple_overflow_gold_and_silver, uniq_menkaure
D:5:      layout_layer_cave, grunt_temple_overflow_open
D:6:      layout_rooms, serial_glass, glass_columns_a, glass_columns_a,
          minivault_26
D:7:      layout_loops_ring, minmay_temple_entry_stoned_glass,
          lightli_corner_chamber, uniq_harold
D:8:      layout_loops_cross, grunt_lair_entry_orc_guard_hut, minivault_23,
          minivault_27, uniq_gastronok, uniq_pikel, uniq_psyche
D:9:      layout_loops_ring, erik_orc_4
D:10:     layout_roguey
D:11:     layout_stronghold, gauntlet_entry_generic
D:12:     layout_basic, uniq_sonja
D:13:     layout_basic, uniq_rupert
D:14:     layout_big_octagon, minmay_stone_trees_medium, minivault_26,
          uniq_louise, uniq_azrael
Temple:   dpeg_chambers_temple

Skill      XL: |  1  2  3  4  5  6  7  8  9 10 11 12 |
---------------+-------------------------------------+-----
Polearms       | 5 6 7 8 9 11 12 14 15 | 15.0
Fighting       | 3 4 5 6 8 9 10 11 | 11.5
Dodging        | 5 6 7 8 10 11 13 | 13.9
Evocations     | 1 5 7 8 |  8.0
Staves         | 1 |  1.5
Throwing       | 4 6 7 |  7.3

Action                   |  1- 3 |  4- 6 |  7- 9 | 10-12 || total
-------------------------+-------+-------+-------+-------++-------
Melee: Trident           |    29 |       |       |       ||    29
       Bardiche          |    40 |   103 |   258 |   329 ||   730
Throw: Stone             |     8 |     1 |     6 |       ||    15
       Dart              |       |    21 |    13 |    30 ||    64
       Javelin           |       |       |       |     7 ||     7
       Boomerang         |       |       |       |     2 ||     2
Invok: Potion Petition   |       |       |       |     1 ||     1
Evoke: Wand              |       |       |       |     6 ||     6
  Use: Scroll            |     4 |     5 |     5 |    13 ||    27
       Potion            |       |     1 |       |     3 ||     4
 Stab: Sleeping          |     8 |     5 |     6 |     2 ||    21
       Distracted        |       |       |     3 |     5 ||     8
Armor: Leather armour    |    10 |       |       |       ||    10
       Ring mail         |     2 |    34 |   117 |   135 ||   288
Dodge: Dodged            |    31 |    91 |   245 |   446 ||   813

Table legend: (Time is in decaauts)
 A = Elapsed time spent in this place.
 B = Non-inter-level travel time spent in this place.
 C = Inter-level travel time spent in this place.
 D = Time resting spent in this place.
 E = Time spent auto-exploring this place.
 F = Levels seen in this place.
 G = Mean time per level.
                   A        B        C        D        E       F      G
               +--------+--------+--------+--------+--------+-----+--------+
         Total |  14435 |  13601 |    834 |    784 |   9842 |  15 |  962.3 |
       Dungeon |  14208 |  13396 |    812 |    784 |   9651 |  14 | 1014.9 |
        Temple |    226 |    204 |     22 |      0 |    191 |   1 |  226.0 |
               +--------+--------+--------+--------+--------+-----+--------+

Top non-repeatable levels by time:
     D:3: 1597 daAuts
     D:5: 1451 daAuts
     D:2: 1392 daAuts
     D:7: 1371 daAuts
    D:11: 1177 daAuts
     D:4: 1102 daAuts
     D:1: 1036 daAuts
     D:9: 1010 daAuts
     D:8: 984 daAuts
    D:12: 923 daAuts
     D:6: 861 daAuts
    D:10: 716 daAuts
    D:13: 363 daAuts
  Temple: 226 daAuts
    D:14: 219 daAuts
